 Dungeon Crawl Stone Soup version 0.20.1-1-g8b1a95d (webtiles) character file.

368 CephaliChill the Cudgeler (level 6, 0/62 HPs)
             Began as an Ogre Monk on Nov 12, 2017.
             Slain by an orc priest
             ... wielding a +0 club
              (2 damage)
             ... on level 4 of the Dungeon.
             The game lasted 00:05:22 (4279 turns).

CephaliChill the Cudgeler (Ogre Monk)               Turns: 4279, Time: 00:05:22

Health: 0/62       AC:  3    Str: 16    XL:     6   Next: 69%
Magic:  6/6        EV:  8    Int: 18    God:
Gold:   205        SH:  5    Dex: 11    Spells: 5/5 levels left

rFire    . . .     SeeInvis .   a - +0 mace
rCold    . . .     Gourm    .   (no shield)
rNeg     . . .     Faith    .   b - +0 robe
rPois    +         Spirit   .   (helmet restricted)
rElec    .         Reflect  +   (no cloak)
rCorr    .         Harm     .   (gloves unavailable)
MR       .....                  (boots unavailable)
Stlth    ++........             h - +5 amulet of reflection
Regen    0.2/turn               n - ring of poison resistance
MPRegen  0.1/turn               s - -2 ring of evasion (curse)

@: brilliant, flying
A: unfitting armour, tough skin 1
a: no special abilities


You were on level 4 of the Dungeon.
You were very hungry.

You visited 1 branch of the dungeon, and saw 4 of its levels.

You collected 205 gold pieces.

Inventory:

Hand Weapons
 a - a +0 mace (weapon)
 k - a +0 giant spiked club
Armour
 b - a +0 robe (worn)
Jewellery
 e - an uncursed ring of magical power
 h - a +5 amulet of reflection (around neck)
 i - an uncursed ring of magical power
 n - a ring of poison resistance (left hand)
 s - a cursed -2 ring of evasion (right hand)
Wands
 p - a wand of confusion (22/48)
Scrolls
 d - a scroll of blinking {unknown}
 j - 3 scrolls of identify
 r - a scroll of enchant armour {unknown}
Potions
 m - 2 potions of flight
Comestibles
 c - 5 bread rations
 f - a meat ration
 g - 2 royal jellies
 l - 3 fruits


   Skills:
 - Level 4.0 Fighting
 + Level 6.6 Maces & Flails
 - Level 2.6 Dodging
 - Level 1.4 Stealth


You had 5 spell levels left.
You didn't know any spells.

Dungeon Overview and Level Annotations

Branches:
Dungeon (4/15)
 Temple: D:4-7

Altars:
Yredelemnul

Shops:
D:4 }


Innate Abilities, Weirdness & Mutations

You are too large for most types of armour.
You have tough skin. (AC +1)


Message History

* * * LOW HITPOINT WARNING * * *
The orc hits you but does no damage.
You hit the orc priest.
You kill the orc priest!
You block the orc wizard's attack.
The orc priest calls down the wrath of Beogh upon you.
Pain shoots through your body!
* * * LOW HITPOINT WARNING * * *
The orc wizard gestures at you while chanting.
The magic dart hits you!
* * * LOW HITPOINT WARNING * * *
The orc hits you.
* * * LOW HITPOINT WARNING * * *
The orc hits you with a mace.
* * * LOW HITPOINT WARNING * * *
Okay, then.
You hit the orc priest.
The orc priest is moderately wounded.
The orc wizard barely misses you. The orc priest hits you with a club.
You die...

####.....###
##...[......###
............?.##
...............#
...............#
..............#
#......o)....# ..
#....o@...# ...
####.oo#.## #...
####........##...(
###.................
#....................
......................
.....................#
...............####..##
................# ...#


You could see an orc priest, an orc wizard and 2 orcs.

Vanquished Creatures
  An ogre (D:4)
  A crimson imp (D:3)
  An orc priest (D:4)
  Jessica (D:3)
  An iguana (D:4)
  A hound zombie (D:4)
  A howler monkey skeleton (D:4)
  4 adders
  An adder skeleton (D:4)
  2 dart slugs (D:2)
  2 worms
  A leopard gecko (D:3)
  4 orcs (D:3)
  6 giant cockroaches
  9 goblins
  9 hobgoblins
  16 jackals
  A quokka (D:2)
  9 bats
  4 frilled lizards
  9 kobolds
  A leopard gecko skeleton (D:4)
  9 rats
94 creatures vanquished.

Notes
Turn   | Place    | Note
-------+----------+-------------------------------------------
     0 | D:1      | CephaliChill the Ogre Monk began the quest for the Orb.
     0 | D:1      | Reached XP level 1. HP: 24/24 MP: 1/1
   111 | D:1      | Reached skill level 3 in Maces & Flails
   115 | D:1      | Reached XP level 2. HP: 16/32 MP: 2/2
   856 | D:1      | Reached XP level 3. HP: 33/39 MP: 3/3
  1403 | D:1      | Reached skill level 4 in Maces & Flails
  1913 | D:2      | Reached XP level 4. HP: 40/48 MP: 4/4
  2781 | D:3      | Noticed Jessica
  2794 | D:3      | Killed Jessica
  2794 | D:3      | Reached skill level 5 in Maces & Flails
  2794 | D:3      | Reached XP level 5. HP: 49/54 MP: 5/5
  3614 | D:3      | Found a basalt altar of Yredelemnul.
  3698 | D:4      | Noticed an ogre
  3706 | D:4      | Killed an ogre
  3706 | D:4      | Reached skill level 6 in Maces & Flails
  3706 | D:4      | Reached XP level 6. HP: 47/62 MP: 6/6
  3845 | D:4      | HP: 3/62 [iguana (3)]
  4169 | D:4      | Found Vuanecs's Gadget Emporium.
  4278 | D:4      | HP: 3/62 [orc (3)]
  4279 | D:4      | Slain by an orc priest

Skill      XL: |  1  2  3  4  5 |
---------------+----------------+-----
Maces & Flails | 3 4 5 6 |  6.6
Fighting       | |  4.0
Dodging        | |  2.6
Stealth        | |  1.4

Action                   |  1- 3 |  4- 6 || total
-------------------------+-------+-------++-------
Melee: Mace              |   162 |   207 ||   369
  Use: Scroll            |       |     3 ||     3
       Potion            |       |     4 ||     4
 Stab: Sleeping          |     4 |     4 ||     8
  Eat: Chunk             |     3 |     7 ||    10
Armor: Robe              |    52 |    52 ||   104
Dodge: Dodged            |   122 |   116 ||   238
Block: Other             |     6 |    41 ||    47
       Reflection        |     1 |     1 ||     2
